[Event "Przeworsk GM norm 2022"]
[Site "Przeworsk"]
[Date "2022.06.02"]
[Round "5.3"]
[White "Mikrut, Dariusz"]
[Black "Neugebauer, Martin"]
[Result "0-1"]
[ECO "B94"]
[WhiteElo "2361"]
[BlackElo "2505"]
[Annotator "TA"]
[PlyCount "46"]
[EventDate "2022.05.30"]
[EventType "tourn"]
[EventCountry "POL"]
[SourceTitle "playchess.com"]
[Source "ChessBase"]
[SourceQuality "1"]
[TimeControl "40/5400+30:1800+30"]

1. e4 c5 2. Nf3 Nf6 3. Nc3 d6 4. d4 cxd4 5. Nxd4 a6 6. Bg5 Nbd7 7. Qe2 e6 8. f4 Qc7 9. O-O-O Be7 {[%emt 0:00:56] B96: Sicilian Najdorf: 6 Bg5 e6 7 f4, lines other than 7...Qb6 and 7...Be7.} 10. g4 b5 11. Bg2 b4 {[%emt 0:11:20] White has an edge.} 12. Nd5 exd5 $17 13. Nf5 {[%emt 0:00:08] [#]} Nb6 {[%emt 0:12:09] [#]} ({But not} 13... dxe4 14. Bxe4 Rb8 {[#]} 15. Bc6 $1 $16 ) (13... h6 $1 $17 14. Bxf6 (14. exd5 Nc5 $17) 14... gxf6 15. exd5 Nc5) 14. e5 $146 ({Predecessor:} 14. Nxg7+ Kf8 15. Bh6 Kg8 16. Rhg1 Bf8 17. g5 Ng4 18. Nf5 Bxf5 19. exf5 Rc8 20. Kb1 Nxh6 21. gxh6 Bxh6 {½-½ (54) Goumas,G (2398)-Istratescu,A (2633) Plovdiv 2012}) 14... dxe5 (14... Bxf5 {looks sharper.} 15. exf6 Bxc2 16. Qxc2 Rc8) 15. fxe5 (15. Nxg7+ $11 Kf8 16. Bh6) 15... Bxf5 $17 16. exf6 (16. gxf5 $142 Ne4 17. Bxe7 Qxe7 18. Bxe4 dxe4 19. Qxe4) 16... gxf6 $19 17. gxf5 (17. Bxf6 Bxc2 18. Qxe7+ Qxe7 19. Bxe7 Bxd1 20. Bf6) 17... fxg5 18. Rhe1 (18. f6 $142 Qf4+ 19. Kb1 Qxf6 20. Rhf1) 18... Kf8 {[%emt 0:01:15] Black is clearly winning.} 19. Bxd5 Nxd5 20. Rxd5 Bf6 {[%emt 0:00:32] aiming for ...Kg7.} 21. Red1 Kg7 22. Rd7 Qf4+ 23. Kb1 Qe5 {[%emt 0:01:03] Weighted Error Value: White=0.61/Black=0.11 (very precise)} 0-1

[Event "Przeworsk GM norm 2022"]
[Site "Przeworsk"]
[Date "2022.06.02"]
[Round "5.4"]
[White "Teclaf, Pawel"]
[Black "Mis, Mieszko"]
[Result "1-0"]
[ECO "B13"]
[WhiteElo "2537"]
[BlackElo "2388"]
[Annotator "TA"]
[PlyCount "79"]
[EventDate "2022.05.30"]
[EventType "tourn"]
[EventCountry "POL"]
[SourceTitle "playchess.com"]
[Source "ChessBase"]
[SourceQuality "1"]
[TimeControl "40/5400+30:1800+30"]

1. e4 c6 2. d4 d5 3. exd5 cxd5 4. Bd3 Nc6 5. c3 Nf6 6. h3 g6 7. Nf3 Bg7 {[%emt 0:00:20] 7...Bf5 deserves study.} 8. Qc2 {[%emt 0:00:34] B13: Caro-Kann: Exchange Variation and Panov-Botvinnik Attack.} Qc7 9. O-O O-O 10. Re1 {[%emt 0:02:48] White is slightly better.} Nd7 11. Be3 {[%emt 0:11:28] [#]} f6 $146 ({Predecessor:} 11... e5 12. dxe5 Ndxe5 13. Nbd2 Be6 14. Nxe5 Nxe5 15. Bd4 Rfe8 16. Rad1 a6 17. Nb3 Bd7 {½-½ (74) Wei,Y (2732)-Le,Q (2709) Chess.com INT 2020}) 12. Qb3 Nb6 13. a4 {[%emt 0:22:01][%cal Ba2a4,Ba4a5,Ba5a6][%mdl 32] Hoping for a5.} Be6 {[%emt 0:05:42] [#]} (13... Bf5 $14 {might be stronger.} 14. Bxf5 gxf5) 14. Bf4 $1 $16 Qd7 15. Nbd2 {[%emt 0:05:04] Inhibits Nc4. And now a5 would win.} Bf7 16. a5 Nc8 17. c4 {[%emt 0:07:18] White is much more active.} e6 18. a6 b6 19. cxd5 exd5 20. Qa3 {Against Nd6} ({White should try} 20. Qa4 $1 $16) 20... Rd8 $1 $11 21. Rac1 {[%emt 0:06:41] aiming for Bb5.} Nd6 {[%emt 0:01:37] Prevents Bb5.} 22. Qxd6 Qxd6 23. Bxd6 Rxd6 24. Bb5 Nd8 25. Nb1 (25. Rc7 {feels hotter.} Ne6 26. Rb7 Bf8 27. Nb1) 25... Bf8 26. Ba4 Ne6 27. Na3 Rad8 (27... b5 $11 {remains equal.} 28. Bxb5 Rb8) 28. g3 (28. Nb5 $16) 28... h5 (28... Bh6 $11 29. Ra1 b5 30. Nxb5 Rxa6) 29. h4 (29. Nb5 $16) 29... Bh6 30. Rc2 Bf8 (30... b5 $5 31. Bxb5 Rb6 $11) 31. Rcc1 Bh6 32. Rc2 Bf8 33. Kf1 Rb8 {[%emt 0:03:36] [#]} (33... b5 $11 34. Nxb5 Rxa6) 34. Nb5 $1 $16 Rd7 35. Rc6 Re8 36. Nc3 {[%emt 0:00:52][%cal Oc6e6] Strongly threatening Rcxe6!} Ree7 {[%emt 0:00:03][%mdl 8192] [#] Loses the game.} (36... Rdd8 $16 {is tougher.}) 37. Rcxe6 $1 $18 Bxe6 38. Rxe6 Rxe6 39. Bxd7 Rd6 40. Bc8 {[%emt 0:00:00] Weighted Error Value: White=0.14 (very precise) /Black=0.38} 1-0

[Event "Przeworsk GM norm 2022"]
[Site "Przeworsk"]
[Date "2022.06.02"]
[Round "5.5"]
[White "Fus, Jakub"]
[Black "Omelja, Artem"]
[Result "0-1"]
[ECO "C65"]
[WhiteElo "2378"]
[BlackElo "2515"]
[Annotator "TA"]
[PlyCount "102"]
[EventDate "2022.05.30"]
[EventType "tourn"]
[EventCountry "POL"]
[SourceTitle "playchess.com"]
[Source "ChessBase"]
[SourceQuality "1"]
[TimeControl "40/5400+30:1800+30"]

1. e4 e5 2. Nf3 Nc6 3. Bb5 Nf6 4. d3 Bc5 5. c3 O-O 6. O-O d6 7. Bg5 {[%emt 0:01:50] 7.Re1 is becoming the main line.} Bb6 {[%emt 0:00:44] C65: Ruy Lopez: Berlin Defence (3...Nf6), unusual lines and 4 0-0 Bc5.} 8. Nbd2 Ne7 9. Bxf6 gxf6 {[%emt 0:00:08] White has an edge.} 10. d4 c6 11. Bd3 {[%emt 0:02:40] [#]} Ng6 $146 ({Predecessor:} 11... Kh8 12. Nc4 Bc7 13. Ne3 Ng6 14. g3 Rg8 15. Kh1 Qf8 16. Qb3 Rb8 17. a4 Bh3 {1-0 (46) Schmittdiel,E (2428)-Kraemer,M (2237) Germany 2014}) 12. Nc4 Be6 13. Ne3 d5 14. g3 dxe4 15. Bxe4 exd4 16. cxd4 (16. Nxd4 $14 Bxd4 17. cxd4 (17. Qxd4 Qxd4 18. cxd4 Rad8 $11)) 16... Qe7 17. Qc2 Rad8 18. Rfd1 Rfe8 19. Bf5 Bxf5 20. Nxf5 Qe4 21. Qxe4 Rxe4 22. Re1 Re6 23. a3 Kf8 24. Rad1 Ne7 25. Ne3 Nd5 26. Nc4 Nc7 27. Kf1 ({Don't play} 27. Nxb6 axb6 28. Kg2 b5 $11) 27... Nb5 28. Rxe6 ({White should try} 28. Re3 $14) 28... fxe6 $11 29. a4 Nd6 30. b3 Nf5 31. g4 Ne7 32. Ke2 Kf7 33. h4 Bc7 34. Rg1 h5 35. g5 Nf5 36. Rd1 Bb6 37. Nxb6 axb6 $15 {[%emt 0:00:07][%mdl 4096] Endgame KRN-KRN} 38. Rd2 fxg5 39. hxg5 Rd5 40. Kf1 Kg6 41. Kg2 c5 42. dxc5 bxc5 43. Re2 Nd4 44. Re4 Kf5 ({Resist} 44... Nxb3 45. Rxe6+ Kf7 46. Rb6 $16) 45. Rh4 Ne2 46. b4 {[%emt 0:01:56] [#]} (46. Kh2 $17) 46... Nf4+ $1 $19 47. Kg3 e5 48. bxc5 $2 {[%emt 0:02:16][%mdl 8192] White does not recover from this.} (48. g6 $17 Rd6 49. Nxe5 Kxe5 50. Rxf4) 48... Rd3 {[%emt 0:02:19] aiming for ...Ke4. Black is clearly winning.} 49. c6 (49. g6 $142 Nxg6 50. Rxh5+ Ke4 51. Rh7) 49... bxc6 {[%emt 0:00:27] And now ...Ke4 would win.} 50. g6 Kxg6 {[%emt 0:01:19] [#] Threatens to win with ...Kf5.} 51. Rh1 Kf5 {[%emt 0:00:53] Weighted Error Value: White=0.34/Black=0.10 (very precise)} 0-1

[Event "Przeworsk GM norm 2022"]
[Site "Przeworsk"]
[Date "2022.06.02"]
[Round "6.1"]
[White "Stefansson, Hannes"]
[Black "Omelja, Artem"]
[Result "1/2-1/2"]
[ECO "C67"]
[WhiteElo "2534"]
[BlackElo "2515"]
[Annotator "TA"]
[PlyCount "61"]
[EventDate "2022.05.30"]
[EventType "tourn"]
[EventCountry "POL"]
[SourceTitle "playchess.com"]
[Source "ChessBase"]
[SourceQuality "1"]
[TimeControl "40/5400+30:1800+30"]

1. e4 e5 2. Nf3 Nc6 3. Bb5 Nf6 4. O-O Nxe4 5. Re1 Nd6 6. Nxe5 Be7 7. Bf1 Nxe5 8. Rxe5 O-O 9. d4 Ne8 {[%emt 0:02:45] C67: Ruy Lopez: Berlin Defence: 4 0-0 Nxe4.} 10. d5 d6 11. Re1 Bg5 {[%emt 0:00:10] The position is equal.} 12. Nc3 Bxc1 13. Rxc1 Nf6 14. h3 Bd7 15. Qd4 Re8 16. Bd3 a6 {[%emt 0:01:15] [#]} 17. a4 $146 ({Predecessor:} 17. Qb4 Rb8 18. a4 h6 19. a5 Qc8 20. Qc4 Bf5 21. Rxe8+ Nxe8 22. Bf1 h5 23. Nd1 {1-0 (67) Hakobyan,A (2554)-Makhnev,D (2449) Manavgat 2018}) 17... Qb8 18. Ne4 Nxe4 19. Rxe4 Rxe4 20. Qxe4 g6 21. Qf4 Qf8 22. Qb4 Rb8 23. a5 b5 24. Qd4 c5 25. dxc6 $1 Bxc6 26. Re1 Qd8 {[%emt 0:01:47] [#]} 27. Qf4 {[%emt 0:03:33] White is much more active.} (27. b4 $1 $16) 27... Rb7 28. b4 Kg7 29. Rd1 d5 30. Qd4+ Qf6 $1 31. c3 {[%emt 0:01:31] Weighted Error Value: White=0.08 (flawless) /Black=0.08 (flawless)} 1/2-1/2

[Event "Przeworsk GM norm 2022"]
[Site "Przeworsk"]
[Date "2022.06.02"]
[Round "6.2"]
[White "Mis, Mieszko"]
[Black "Fus, Jakub"]
[Result "1/2-1/2"]
[ECO "C15"]
[WhiteElo "2388"]
[BlackElo "2378"]
[Annotator "TA"]
[PlyCount "61"]
[EventDate "2022.05.30"]
[EventType "tourn"]
[EventCountry "POL"]
[SourceTitle "playchess.com"]
[Source "ChessBase"]
[SourceQuality "1"]
[TimeControl "40/5400+30:1800+30"]

1. e4 e6 2. d4 d5 3. Nc3 Bb4 4. Nge2 dxe4 5. a3 Bxc3+ 6. Nxc3 Nc6 7. d5 exd5 8. Qxd5 Nge7 {[%emt 0:10:55] has lost popularity (8...Be6). C15: French: 3 Nc3 Bb4: Unusual White 4th moves.} 9. Qxd8+ Nxd8 10. Nxe4 Bf5 11. Bd3 Ne6 12. Bd2 O-O-O 13. O-O-O Bg6 14. h4 h5 {[%emt 0:01:17] [#]} 15. Rhe1 $146 ({Predecessor:} 15. f3 Nd5 16. Rhe1 Rhe8 17. Bb5 Rg8 18. Bf1 Rge8 19. Bb5 c6 20. Bf1 Kc7 21. c4 {½-½ (37) Bakalchuk,J (2244)-Nakar,E (2442) Beersheba 2014}) 15... Nf5 16. g3 Nfd4 17. Bc3 Rhe8 18. a4 Bf5 19. Bxd4 Nxd4 {[%emt 0:03:56] The position is equal.} 20. Nc3 Bg4 21. Rxe8 Rxe8 22. Rf1 Bh3 23. Rd1 Bg4 24. Rf1 Bh3 25. Rd1 Bg4 26. Rf1 Bh3 27. Rd1 Bg4 28. Rf1 Bh3 29. Rd1 Bg4 30. Rf1 Bh3 31. Rd1 {[%emt 0:00:03] Weighted Error Value: White=0.03 (flawless) /Black=0.07 (flawless)} 1/2-1/2

[Event "Przeworsk GM norm 2022"]
[Site "Przeworsk"]
[Date "2022.06.02"]
[Round "6.3"]
[White "Neugebauer, Martin"]
[Black "Teclaf, Pawel"]
[Result "1/2-1/2"]
[ECO "C43"]
[WhiteElo "2505"]
[BlackElo "2537"]
[Annotator "TA"]
[PlyCount "60"]
[EventDate "2022.05.30"]
[EventType "tourn"]
[EventCountry "POL"]
[SourceTitle "playchess.com"]
[Source "ChessBase"]
[SourceQuality "1"]
[TimeControl "40/5400+30:1800+30"]

1. e4 e5 2. Nf3 Nf6 3. d4 Nxe4 4. Bd3 Nc6 5. Nxe5 Nxe5 6. Bxe4 d5 7. dxe5 dxe4 {[%emt 0:00:04] C43: Petroff Defence: 3 d4.} 8. Qxd8+ Kxd8 9. Nc3 Bb4 10. Bg5+ Ke8 11. O-O-O {[%emt 0:11:44][%csl Gg5][%cal Rd1d8] [#]} Bg4 12. Rd4 Bxc3 {[%emt 0:00:05] The position is equal.} 13. bxc3 h6 14. Rxe4 Bh3 15. gxh3 hxg5 $11 {[%emt 0:01:20][%mdl 4096] Endgame KRR-KRR} 16. Rg1 Rxh3 17. Rxg5 g6 18. e6 Rxc3 19. h4 {[%emt 0:04:02] [#] White wants to play h5.} Rc6 $146 ({Predecessor:} 19... Rf3 20. h5 Rf6 21. e7 Rxf2 22. Rg3 Rf5 23. hxg6 {½-½ (23) Ragger,M (2530)-Baramidze,D (2582) Austria 2008}) 20. exf7+ Kxf7 21. h5 gxh5 22. Rf4+ Rf6 23. Rxf6+ Kxf6 24. Rxh5 {[%emt 0:00:04] KR-KR} Ke6 25. Rh6+ Kd5 26. Rh5+ Ke6 27. Rh6+ Kd5 28. Rh5+ Ke6 29. Rh6+ Kd5 30. Rh5+ Ke6 {[%emt 0:00:03] An interesting draw.  Weighted Error Value: White=0.01 (flawless) /Black=0.00 (flawless)} 1/2-1/2

[Event "Przeworsk GM norm 2022"]
[Site "Przeworsk"]
[Date "2022.06.02"]
[Round "6.4"]
[White "Golubka, Petro"]
[Black "Mikrut, Dariusz"]
[Result "1/2-1/2"]
[ECO "B20"]
[WhiteElo "2380"]
[BlackElo "2361"]
[Annotator "TA"]
[PlyCount "76"]
[EventDate "2022.05.30"]
[EventType "tourn"]
[EventCountry "POL"]
[SourceTitle "playchess.com"]
[Source "ChessBase"]
[SourceQuality "1"]
[TimeControl "40/5400+30:1800+30"]

1. e4 c5 2. a3 g6 3. Bc4 Bg7 4. Nc3 Nc6 5. Nge2 Nf6 6. d3 d6 {[%emt 0:00:27] B23: Closed Sicilian: Lines without g3.} 7. h3 O-O 8. O-O Be6 {[%emt 0:18:30] [#]} 9. Bxe6 $146 ({Predecessor:} 9. Nd5 Qd7 10. Nef4 Rab8 11. a4 a6 12. a5 Bxd5 13. Nxd5 e6 14. Nb6 Qd8 15. Bg5 {1-0 (21) Grbesa,J-Saric,B (1938) Split 2005}) 9... fxe6 10. Bg5 e5 11. Qb1 Qd7 12. b4 b6 13. b5 {[%emt 0:09:19] [#] Hoping for Qb3+.} Nd4 {[%emt 0:05:12] Against Qb3+} 14. Nxd4 (14. a4 {looks sharper.} Nh5 15. Nxd4 exd4 16. Qb3+) 14... cxd4 15. Qb3+ e6 16. Ne2 Nh5 17. g3 d5 18. f3 Rac8 19. a4 Rf7 20. g4 Bf6 21. Bd2 Ng7 22. a5 Bd8 23. axb6 Bxb6 24. Ng3 Rc5 25. Rab1 Qc8 26. Rb2 Qd7 (26... Ne8 $15) 27. Kg2 Ne8 28. Rc1 (28. exd5 $11 exd5 29. c4) 28... Nc7 29. Bb4 Rxb5 {[%emt 0:00:27] [#] aiming for ...a5.} 30. Qa2 Qd8 31. Bd2 {[%emt 0:00:33] Inhibits Qg5.} Rxb2 32. Qxb2 Qd7 ({Black should try} 32... Na6 $17 33. Qb5 Nc5) 33. c4 $15 dxc3 (33... dxc4 $15 34. Rxc4 Qd8) 34. Bxc3 $11 d4 35. Bb4 Kg7 36. h4 {[%emt 0:04:00] The position is equal.} Na6 37. Ba3 Nc7 38. Bb4 Na6 {[%emt 0:00:48] Weighted Error Value: White=0.14 (very precise) /Black=0.15 (very precise)} 1/2-1/2

[Event "Przeworsk GM norm 2022"]
[Site "Przeworsk"]
[Date "2022.06.02"]
[Round "6.5"]
[White "Licznerski, Lukasz"]
[Black "Baum, Jonasz"]
[Result "0-1"]
[ECO "A40"]
[WhiteElo "2439"]
[BlackElo "2409"]
[Annotator "TA"]
[PlyCount "94"]
[EventDate "2022.05.30"]
[EventType "tourn"]
[EventCountry "POL"]
[SourceTitle "playchess.com"]
[Source "ChessBase"]
[SourceQuality "1"]
[TimeControl "40/5400+30:1800+30"]

1. d4 e6 2. Nf3 Nf6 3. g3 d5 4. Bg2 Be7 5. c4 O-O 6. O-O dxc4 7. Qa4 a6 8. Qxc4 b5 9. Qc2 Bb7 10. Bg5 Nbd7 11. Nbd2 Rc8 12. Bxf6 Nxf6 13. Nb3 Be4 14. Qc3 Nd5 {[%emt 0:11:26] [#]} 15. Qc1 $146 ({Predecessor:} 15. Qd2 Bb4 16. Qd1 c5 17. a3 c4 18. axb4 cxb3 19. Qxb3 Qd6 20. Ne5 Bxg2 21. Kxg2 Nxb4 22. e3 f6 23. Nd3 Nxd3 24. Qxd3 {½-½ (58) Navara,D (2602)-Aronian,L (2645) Antalya 2004}) 15... Nb4 {[%emt 0:11:12] E05: Open Catalan: 5 Nf3 Be7.} 16. Qc3 $2 (16. Nfd2 $11 Bxg2 17. Kxg2) 16... Nc2 $1 $17 {[%emt 0:06:32] Threatens to win with ...Bb4.} 17. Rac1 Bb4 {[%emt 0:00:15] Black is more active. This bishop pair is nice. Black is clearly better.} 18. Qxc2 Bxc2 19. Rxc2 Bd6 20. Rfc1 c6 21. Nc5 Bxc5 22. Rxc5 f6 23. e3 Qa5 24. a3 Rfd8 (24... Rc7 $17 25. d5 e5) 25. Ne1 (25. Bh3 $1 $15 Kf7 26. d5 exd5 27. Bxc8 Rxc8 28. Nd4) 25... Rd6 26. Be4 Qb6 27. Nd3 a5 $1 28. h4 Rc7 29. b4 a4 (29... h6 $17 30. bxa5 Qxa5) 30. h5 (30. Nf4 $11 {keeps the balance.}) 30... Rc8 31. Kf1 Rc7 (31... Qd8 $17 {[%cal Oe6e5] White must now prevent ...e5!} 32. Bxc6 Rdxc6 $1 33. Rxc6 Rxc6 34. Rxc6 e5) 32. Ke2 (32. Kg1 $1 $11) 32... Rc8 (32... Qa6 $17 33. g4 h6) 33. g4 (33. Kf1 $11) 33... Qb7 (33... h6 $1 $17 34. f3 Qb7) 34. f4 (34. g5 $1 $15) 34... Qd7 35. Bf3 Kh8 36. R5c3 Qe8 37. R3c2 Kg8 38. Rc5 Kh8 (38... Kf8 $17 39. g5 Rd5 $1 40. gxf6 gxf6 $1) 39. Nf2 (39. R5c2 $1 $11) 39... Kg8 ({Black should play} 39... e5 $17 40. fxe5 fxe5 41. dxe5 Rdd8) 40. h6 $2 {[%emt 0:00:00][%mdl 8192] [#]} (40. Nd3 $1 $11 {and White is okay.}) 40... e5 $1 $19 ({Not} 40... gxh6 41. Ne4 Qf8 42. Nxd6 Qxd6 43. Bxc6 $16) 41. fxe5 fxe5 42. d5 (42. dxe5 $142 Rxh6 43. R1c2) 42... Qf7 {[%emt 0:09:02] ...Rf8 is the strong threat. Black is clearly winning.} 43. Nd3 Re8 {[%emt 0:06:12] Hoping for ...e4.} ({Wrong is} 43... Rxh6 $2 44. Nxe5 Qc7 45. Rxc6 Rxc6 46. Rxc6 $19) 44. dxc6 {[%emt 0:04:46] [#] aiming for c7.} Rxd3 $1 45. c7 (45. Kxd3 Qxf3) 45... Qb3 ({Weaker is} 45... e4 46. Bxe4 Rd4 47. Bf5 $11) 46. Bd5+ Rxd5 47. c8=Q Qd3+ {[%emt 0:00:39] Weighted Error Value: White=0.79/Black=0.19 (very precise)} 0-1

[Event "Przeworsk GM norm 2022"]
[Site "Przeworsk"]
[Date "2022.06.03"]
[Round "7.1"]
[White "Baum, Jonasz"]
[Black "Stefansson, Hannes"]
[Result "1-0"]
[ECO "E15"]
[WhiteElo "2409"]
[BlackElo "2534"]
[Annotator "TA"]
[PlyCount "58"]
[EventDate "2022.05.30"]
[EventType "tourn"]
[EventCountry "POL"]
[SourceTitle "playchess.com"]
[Source "ChessBase"]
[SourceQuality "1"]
[TimeControl "40/5400+30:1800+30"]

1. d4 Nf6 2. c4 e6 3. Nf3 b6 4. g3 Ba6 5. Qc2 Bb7 6. Bg2 c5 7. d5 {[%emt 0:00:22] E15: Queen's Indian: 4 g3 sidelines, 4 g3 Ba6 and 4 g3 Bb7 early deviations.} exd5 8. O-O Be7 (8... Nc6 $11) 9. Nh4 {[%emt 0:01:11] White is slightly better.} O-O 10. Nc3 {[%emt 0:11:10] [#]} b5 $146 (10... g6 $14) ({Predecessor:} 10... Re8 11. cxd5 d6 12. Nf5 Bf8 13. Bg5 h6 14. Bf4 a6 15. a4 Nh5 16. Kh1 Nxf4 17. gxf4 {½-½ (42) Holt,C (2584)-Ju,W (2568) Chess.com INT 2018}) 11. cxd5 {[%emt 0:22:29] White is more active.} ({Don't take} 11. Nxd5 Nxd5 12. cxd5 Bxh4 $14) (11. Nxb5 $16 {Nf5 is the strong threat.} Nc6 12. Nf5 (12. cxd5 Nb4 $14)) 11... b4 $1 $14 12. d6 Bxg2 13. dxe7 Qxe7 14. Nxg2 (14. Kxg2 {with more complications.} bxc3 15. Qxc3 d5 16. Qe3) 14... bxc3 15. Qxc3 Qxe2 16. Qxc5 Nc6 17. Re1 (17. Nf4 $5 Qe5 18. Qxe5 Nxe5 19. b3 $14) 17... Qg4 {[%emt 0:02:17] [#] aiming for ...Nd4.} 18. Bf4 h6 19. b4 $36 {[%emt 0:08:55][%mdl 2048] White has some pressure.} Rfc8 20. Qd6 Rab8 21. Rac1 Rb5 $2 {[%emt 0:06:14] [#] Loses the game.} (21... a5 $11) 22. a4 $1 $18 Rd5 23. Ne3 $1 Qh3 $2 (23... Rxd6 24. Nxg4 Re6) 24. Nxd5 {[%emt 0:03:55] White is clearly winning.} Ng4 25. Qc5 d6 26. Bxd6 Rd8 27. Rc4 Qxh2+ 28. Kf1 Nxf2 (28... Rxd6 $142 29. Re8+ Kh7 30. Rxg4 Qh1+ 31. Ke2 Qxd5 32. Qxd5 Rxd5) 29. Qxc6 ({Stronger than} 29. Qxf2 Qh1+ 30. Qg1 Qf3+ 31. Qf2 Qh1+ 32. Qg1 Qf3+ 33. Qf2 Qh1+ $11) 29... Rxd6 {[%emt 0:03:06] Weighted Error Value: White=0.22 (precise) /Black=0.66} 1-0

[Event "Przeworsk GM norm 2022"]
[Site "Przeworsk"]
[Date "2022.06.03"]
[Round "7.2"]
[White "Mikrut, Dariusz"]
[Black "Licznerski, Lukasz"]
[Result "0-1"]
[ECO "D97"]
[WhiteElo "2361"]
[BlackElo "2439"]
[Annotator "TA"]
[PlyCount "58"]
[EventDate "2022.05.30"]
[EventType "tourn"]
[EventCountry "POL"]
[SourceTitle "playchess.com"]
[Source "ChessBase"]
[SourceQuality "1"]
[TimeControl "40/5400+30:1800+30"]

1. d4 Nf6 2. c4 g6 3. Nc3 d5 4. Nf3 Bg7 5. Qb3 dxc4 6. Qxc4 O-O 7. e4 Nfd7 8. Be3 Nb6 {[%emt 0:02:46] D97: Grünfeld: Russian System: 7 e4, replies other than 7...Bg4.} 9. Qb3 Nc6 10. O-O-O a5 {[%emt 0:08:38] White has an edge.} 11. d5 a4 $1 12. Qa3 {[%emt 0:00:11] [#]} Ne5 $146 ({Predecessor:} 12... Na5 13. Bc5 Re8 14. Kb1 Bd7 15. Nd4 Nbc4 16. Qb4 Nd6 17. f3 b6 18. Bxd6 exd6 19. Nxa4 Nc4 20. Nc3 Ne3 21. Re1 Nxd5 22. Nxd5 Ra4 23. Qb3 Rxd4 24. Rd1 Ba4 {0-1 (23) Friedrich,W (2249)-Albrecht,J (2143) Germany 2016}) 13. Nxe5 Bxe5 14. Nb5 Bd7 15. f4 Bg7 16. Qc5 (16. Be2 $14) 16... Bg4 {[%emt 0:29:44] aiming for ...a3.} 17. Rd2 a3 $1 18. b3 Nd7 19. Qc4 {[%emt 0:03:32] [#]} (19. Qc2 $1 $11 {and White is okay.} c6 20. dxc6 bxc6 21. Nc3) 19... c6 $1 $36 {[%emt 0:02:34][%mdl 2048] Black is on the roll.} 20. dxc6 bxc6 21. Nd4 {[%emt 0:04:20] [#]} Rc8 (21... e5 $1 $19 22. fxe5 (22. Nxc6 Qh4 $17) 22... Nxe5) 22. h3 c5 $1 23. Nc6 Rxc6 24. hxg4 Qc7 (24... Qa5 {was preferrable.} 25. e5 Nb6) 25. Qc2 $2 (25. e5 $11) 25... Bd4 26. Rh3 Bxe3 27. Rxe3 Qxf4 28. Rf3 Qg5 29. Bb5 Rd6 {[%emt 0:00:28] Weighted Error Value: White=0.46/Black=0.15 (very precise)} 0-1

[Event "Przeworsk GM norm 2022"]
[Site "Przeworsk"]
[Date "2022.06.03"]
[Round "7.3"]
[White "Teclaf, Pawel"]
[Black "Golubka, Petro"]
[Result "1/2-1/2"]
[ECO "B34"]
[WhiteElo "2537"]
[BlackElo "2380"]
[Annotator "TA"]
[PlyCount "64"]
[EventDate "2022.05.30"]
[EventType "tourn"]
[EventCountry "POL"]
[SourceTitle "playchess.com"]
[Source "ChessBase"]
[SourceQuality "1"]
[TimeControl "40/5400+30:1800+30"]

1. e4 c5 2. Nf3 Nc6 3. d4 cxd4 4. Nxd4 Nf6 5. Nc3 e5 6. Ndb5 h6 7. Nd6+ Bxd6 8. Qxd6 Qe7 9. Qxe7+ Kxe7 10. b3 $1 {[%emt 0:01:54][%mdl 4] outshines the older 10.Be3.} d6 {[%emt 0:00:05] B33: Sicilian: Pelikan and Sveshnikov Variations.} 11. Ba3 {[%emt 0:04:57] Inhibits Nb4.} a6 12. O-O-O (12. Bc4 {seems wilder.} b5 13. Bd5 Bd7 14. O-O-O) 12... Rd8 {[%emt 0:00:06] White is slightly better.} 13. Nd5+ (13. Bc4 {is interesting.} b5 14. Bd5 Bd7 15. Rhe1) 13... Nxd5 {[%emt 0:03:30] [#]} 14. Rxd5 $146 ({Predecessor:} 14. exd5 Nb8 15. Re1 f6 16. f4 Nd7 17. Bd3 b5 18. Rhf1 Bb7 19. Be4 a5 20. Rf3 {0-1 (59) Karttunen,M (2485)-Buscar,M (2088) Chess.com INT 2021}) 14... Be6 15. Rd2 b5 16. Be2 b4 17. Bb2 f6 18. Kb1 a5 19. Rc1 d5 20. exd5 $1 Bxd5 21. f3 Be6 22. Rcd1 Bf5 23. Rxd8 Rxd8 24. Rxd8 Kxd8 $11 {[%emt 0:00:07][%mdl 4096] Endgame KBB-KBN} 25. Kc1 Nd4 26. Bd1 Nb5 27. Kd2 Kc7 28. Be2 Kc6 29. Bd3 Bxd3 30. Kxd3 Nd6 31. c3 h5 32. g3 g6 {[%emt 0:00:35] Weighted Error Value: White=0.04 (flawless) /Black=0.02 (flawless)} 1/2-1/2